 Dungeon Crawl Stone Soup version 0.31.0-32-g396128a36d (console) character file.

Game seed: 5125065583803332222

1035 mursu the Chopper (level 7, 0/56 HPs)
             Began as a Demigod Fighter on Apr 10, 2024.
             Succumbed to Duvessa's poison
             ... on level 5 of the Dungeon.
             The game lasted 00:12:18 (3249 turns).

mursu the Chopper (Demigod Fighter)                 Turns: 3249, Time: 00:12:19

Health: 0/56       AC: 10    Str: 25    XL:     7   Next: 73%
Magic:  9/9        EV:  8    Int: 10    God:
Gold:   146        SH:  5    Dex: 13    Spells: 6/6 levels left

rFire   + . .        a - +0 war axe
rCold   . . .        c - +0 buckler
rNeg    . . .        e - +0 chain mail {rF+}
rPois   .            t - +0 helmet
rElec   .            (no cloak)
rCorr   .            (no gloves)
SInv    .            (no boots)
Will    .....        j - amulet of regeneration Stlth
                     (no ring)
HPRegen 1.09/turn    (no ring)
MPRegen 0.11/turn

%: no passive effects
@: lethally poisoned (0 -> -33)
A: high MP 1, forlorn, divine attributes
a: no special abilities


You were on level 5 of the Dungeon.
You visited 1 branch of the dungeon, and saw 5 of its levels.

You collected 146 gold pieces.

Inventory:

Hand Weapons
 a - a +0 war axe (weapon)
Missiles
 k - 11 poisoned darts (quivered)
 x - 3 datura-tipped darts
Armour
 c - a +0 buckler (worn)
 e - a +0 chain mail of fire resistance (worn)
 t - a +0 helmet (worn)
 v - a +0 plate armour
Jewellery
 j - an amulet of regeneration (around neck)
 n - an amulet of the acrobat
 p - a ring of magical power
Wands
 l - a wand of polymorph (7)
 u - a wand of flame (7)
Scrolls
 b - a scroll of fog
 f - 3 scrolls of enchant armour
 i - a scroll of vulnerability {unknown}
 o - 3 scrolls of identify {unknown}
 q - 4 scrolls of teleportation {unknown}
 w - 2 scrolls of enchant weapon {unknown}
 y - a scroll of noise {unknown}
Potions
 d - a potion of might
 g - 2 potions of curing
 h - a potion of ambrosia {unknown}
 m - a potion of brilliance {unknown}
 r - 2 potions of heal wounds {unknown}
 s - 2 potions of mutation {unknown}


   Skills:
 - Level 2.6 Fighting
 * Level 7.5 Axes
 + Level 4.1 Armour
 + Level 4.1 Shields


You had 6 spell levels left.
You didn't know any spells.
Your spell library contained the following spells:

 Spells                   Type           Power      Damage    Failure   Level
 Kiss of Death            Conj/Necr      0%         2d5       93%         1
 Confusing Touch          Hex            0%         N/A       100%        3
 Dispel Undead            Necr           0%         3d6       100%        4


Dungeon Overview and Level Annotations

Branches:
Dungeon (5/15)
 Temple: D:4-7

Annotations:
D:3 Sigmund
D:5 Dowan, Duvessa


Innate Abilities, Weirdness & Mutations

You have an increased reservoir of magic. (+10% MP)
You shall have no god before yourself.
Your divine heritage dramatically boosts your attributes as you level up.


Message History

Duvessa seems to speed up.
You block Duvessa's attack.
You hit Duvessa but do no damage.
Duvessa is lightly wounded.
You feel extremely sick. Duvessa hits you but does no damage.
You are more poisoned.
You barely miss Duvessa.
Duvessa is lightly wounded.
You feel very sick. You block Duvessa's attack. Duvessa completely misses you.
You feel better. You block the adder's attack. Duvessa closely misses you.
The adder barely misses you.
You closely miss Duvessa.
Duvessa is lightly wounded.
You closely miss the adder.
Duvessa hits you with a +2 short sword of venom.
The adder completely misses you. You block Duvessa's attack.
Dowan gestures wildly while chanting.
Dowan blinks!
You hit Duvessa but do no damage.
Duvessa is lightly wounded.
You closely miss the adder.
Duvessa hits you with a +2 short sword of venom!
You are poisoned.
You block the adder's attack.
Duvessa hits you with a +2 short sword of venom.
You are more poisoned.
You block the adder's attack.
You barely miss Duvessa.
Duvessa is lightly wounded.
You slash the adder!
You kill the adder!
You feel extremely sick.
Duvessa hits you with a +2 short sword of venom!
* * * LOW HITPOINT WARNING * * *
You are more poisoned.
Duvessa hits you but does no damage.
You are more poisoned.
You slash Duvessa!
Duvessa is moderately wounded.
You die...

#.......h #........
#....$... +........
#......
############e...
#...#........e#####
#...#.........#...#
#...#.........#...#
#...'.........#.@.#
#...#.........#†e.#
#...#.........e...#
....#.........#...#
....#.........#...#
....#.........#.###
....#.......#####
#'###.......#
............#
............+
...........†######+#


You could see Duvessa (fast) and Dowan.

Vanquished Creatures
  Pikel (D:4)
  Eustachio (D:4)
  A black bear (D:5)
  A lemure (D:4)
  2 scorpions
  A hound (D:4)
  A sleepcap (D:5)
  An iguana (D:4)
  Robin (D:4)
  8 adders
  A gnoll (D:1)
  2 orcs
  A bat (D:3)
  4 endoplasms
  2 giant cockroaches
  13 goblins
  6 hobgoblins
  6 kobolds
  2 quokkas (D:4)
  2 ball pythons
  A frilled lizard (D:3)
  5 rats
63 creatures vanquished.

Notes
Turn   | Place    | Note
-------+----------+-------------------------------------------
     0 | D:1      | mursu the Demigod Fighter began the quest for the Orb.
     0 | D:1      | Reached XP level 1. HP: 18/18 MP: 3/3
    73 | D:1      | Reached skill level 2 in Axes
   224 | D:1      | Reached XP level 2. HP: 14/25 MP: 4/4
   594 | D:1      | Reached skill level 3 in Axes
  1229 | D:2      | Reached XP level 3. HP: 24/30 MP: 5/5
  1406 | D:3      | Noticed Sigmund
  1873 | D:3      | Reached skill level 4 in Axes
  2185 | D:4      | Reached XP level 4. HP: 37/37 MP: 6/6
  2285 | D:4      | Noticed Eustachio
  2349 | D:4      | Killed Eustachio
  2350 | D:4      | Reached skill level 5 in Axes
  2350 | D:4      | Reached XP level 5. HP: 17/42 MP: 7/7
  2556 | D:4      | Reached skill level 6 in Axes
  2626 | D:4      | Noticed Pikel
  2664 | D:4      | Killed Pikel
  2665 | D:4      | Reached skill level 7 in Axes
  2665 | D:4      | Reached XP level 6. HP: 17/50 MP: 8/8
  2665 | D:4      | Reached XP level 7. HP: 20/56 MP: 9/9
  2826 | D:4      | Noticed Robin
  2841 | D:4      | Killed Robin
  3019 | D:5      | Entered Level 5 of the Dungeon
  3221 | D:5      | Noticed Duvessa
  3221 | D:5      | Noticed Dowan
  3249 | D:5      | Succumbed to Duvessa's poison

Illustrated notes

Levels and vault maps discovered:
D:1:      psy_arrival_wood_between_worlds, layout_basic
D:2:      layout_rooms
D:3:      layout_loops_ring, lemuel_tele_altar, nicolae_overflow_hidden_temple,
          nicolae_overflow_squiral, minmay_misc_feat_tower, uniq_sigmund
D:4:      layout_loops_ring, makhleb_blood_cavern_becter,
          kennysheep_generic_room_6, uniq_robin, uniq_eustachio, uniq_pikel
D:5:      layout_gridville, uniq_duvessa, uniq_blork_the_orc

Skill      XL: |  1  2  3  4  5  6  7 |
---------------+----------------------+-----
Axes           | 2 3 4 5 7 |  7.5
Armour         | 3 4 |  4.1
Shields        | 3 4 |  4.1
Fighting       | |  2.6

Action                     |  1- 3 |  4- 6 |  7- 9 || total
---------------------------+-------+-------+-------++-------
  Melee: War axe           |    97 |    66 |    72 ||   235
  Throw: Dart              |       |     1 |     4 ||     5
    Use: Scroll            |     2 |       |       ||     2
         Potion            |       |     3 |     1 ||     4
 Armour: Scale mail        |    32 |       |       ||    32
         Chain mail        |    31 |   105 |    72 ||   208
  Dodge: Dodged            |    32 |    37 |    38 ||   107
  Block: Buckler           |    14 |    29 |    18 ||    61
